 Dungeon Crawl Stone Soup version 0.20.1-1-g8b1a95d (webtiles) character file.

38814 letownia2 the Reanimator (level 13, 98/103 (105) HPs)
             Began as a Deep Dwarf Necromancer on Dec 17, 2017.
             Was an Initiate of Gozag.
             Quit the game on level 2 of the Lair of Beasts.
             The game lasted 01:04:03 (15750 turns).

letownia2 the Reanimator (Deep Dwarf Necromancer)  Turns: 15750, Time: 01:04:04

HP:   98/103 (105)  AC: 21    Str: 18    XL:     13   Next: 65%
MP:   28/34         EV: 13    Int: 21    God:    Gozag
Gold: 659           SH:  0    Dex: 13    Spells: 0/29 levels left

rFire    . . .     SeeInvis .   a - +1 hand axe (elec)
rCold    . . .     Gourm    .   (no shield)
rNeg     . . .     Faith    .   f - +4 scale mail "Jaydd" {rElec Str+2 Int+4}
rPois    .         Spirit   .   T - +1 helmet
rElec    +         Reflect  .   o - +2 cloak of the Invisible Hand {rElec}
rCorr    .         Harm     .   z - +1 pair of gloves
MR       +....                  H - +0 pair of boots
Stlth    +.........             (no amulet)
Regen    0.0/turn               P - ring of magical power
MPRegen  0.3/turn               L - +4 ring of slaying

@: non-regenerating
A: damage resistance, heal wounds, sense surroundings 2, no regeneration
a: Heal Wounds, Potion Petition, Call Merchant, Bribe Branch, Renounce Religion


You were on level 2 of the Lair of Beasts.
You worshipped Gozag.
Gozag was pleased with you.
You were not hungry.

You visited 4 branches of the dungeon, and saw 20 of its levels.
You also visited: Labyrinth and Sewer.

You collected 4969 gold pieces.
You paid 4310 gold pieces to Gozag.

Inventory:

Hand Weapons
 a - a +1 hand axe of electrocution (weapon)
 b - a +2 battleaxe of flaming
 c - a +0 blowgun
 w - the +9 whip of Inquiry {freeze, rC+}
   (You found it in a labyrinth)

   It has been specially enchanted to freeze those struck by it, causing extra
   injury to most foes and up to half again as much damage against particularly
   susceptible opponents.
   It can also slow down cold-blooded creatures.
   It protects you from cold.
 G - the +11 arbalest "Kafaligym" {freeze, rF+ Str-2 Int+4}
   (You took it off a minotaur in a labyrinth)

   It causes projectiles fired from it to freeze those they strike, causing
   extra injury to most foes and up to half again as much damage against
   particularly susceptible opponents.
   They can also slow down cold-blooded creatures.
   It affects your strength (-2).
   It affects your intelligence (+4).
   It protects you from fire.
 R - a +1 vampiric halberd
Missiles
 W - 7 curare-tipped needles
Armour
 f - the +4 scale mail "Jaydd" (worn) {rElec Str+2 Int+4}
   (You found it on level 11 of the Dungeon)

   It affects your strength (+2).
   It affects your intelligence (+4).
   It insulates you from electricity.
 h - a +1 cloak
 o - the +2 cloak of the Invisible Hand (worn) {rElec}
   (You acquired it on level 2 of the Lair of Beasts)

   It insulates you from electricity.
 z - a +1 pair of gloves (worn)
 H - a +0 pair of boots (worn)
 K - a +0 plate armour of cold resistance
 T - a +1 helmet (worn)
Magical Staves
 d - an uncursed staff of wizardry
Jewellery
 L - a +4 ring of slaying (right hand)
 P - a ring of magical power (left hand)
 V - an uncursed ring of fire
 Y - an uncursed ring of see invisible
 Z - an uncursed ring of resist corrosion
Wands
 g - a wand of flame (29/48)
 r - a wand of flame (21/48)
 y - a wand of acid (7/15)
 F - a wand of iceblast (4/15)
 Q - a wand of paralysis (17/24)
 S - a wand of lightning (5/15)
Scrolls
 i - 3 scrolls of identify
 k - 3 scrolls of immolation
 l - 13 scrolls of remove curse
 n - 3 scrolls of magic mapping
 q - 5 scrolls of teleportation
 B - 2 scrolls of blinking
 O - a scroll of fear
Potions
 e - 4 potions of haste
 j - 12 potions of curing {unknown}
 p - 4 potions of might
 s - a potion of agility
 u - 2 potions of invisibility {unknown}
 v - 5 potions of lignification
 x - 6 potions of mutation {unknown}
 A - 3 potions of magic {unknown}
 C - a potion of brilliance
 I - a potion of cancellation
 M - 2 potions of flight
 U - 3 potions of heal wounds
Comestibles
 D - 12 meat rations
 X - a bread ration


   Skills:
 - Level 4.3 Fighting
 + Level 11.6 Axes
 - Level 7.6 Armour
 + Level 6.2 Dodging
 - Level 2.4 Stealth
 - Level 8.6 Spellcasting
 - Level 3.2 Conjurations
 - Level 14.7 Necromancy
 - Level 2.8 Translocations
 - Level 3.0 Fire Magic
 - Level 3.1 Air Magic
 - Level 2.0 Poison Magic
 - Level 5.1 Evocations


You couldn't memorise any spells.
You knew the following spells:

 Your Spells              Type           Power        Failure   Level  Hunger
a - Pain                  Necr           ####         1%          1    None
b - Blink                 Tloc           N/A          10%         2    None
c - Conjure Flame         Conj/Fire      ###.....     17%         3    None
e - Mephitic Cloud        Conj/Pois/Air  ###.....     19%         3    None
i - Silence               Hex/Air        ###.......   96%         5    #####..
p - Passage of Golubria   Tloc           N/A          54%         4    ###....
r - Deflect Missiles      Chrm/Air       ###.......   100%        6    ######.
t - Shroud of Golubria    Chrm/Tloc      ###.......   17%         2    None
v - Vampiric Draining     Necr           ######....   1%          3    None


Dungeon Overview and Level Annotations

Branches:
Dungeon (12/15)            Temple (1/1) D:5            Lair (6/6) D:9
  Swamp (0/4) Lair:4          Orc (1/2) D:9
  Snake: Lair:2-4    Spider: Lair:2-4     Slime: Lair:5-6

Altars:
Ashenzari
Cheibriados
Dithmenos
Fedhas
Gozag
Makhleb
Okawaru
Qazlal
Ru
Vehumet
Xom
Yredelemnul
The Shining One
Beogh

Shops:
D:5 }   D:6 (   D:8 [*   D:9 =   D:11 (   Lair:2 [[

Annotations:
D:4 Duvessa; Robin; letownia2's ghost, amateur DDNe
D:7 DIG
Orc:1 sinon's ghost, journeyman GrEE


Innate Abilities, Weirdness & Mutations

You are resistant to damage.
You can heal yourself by infusing magical energy.
You passively map the area around you.
You do not regenerate.


Message History

You start putting on your armour.
You continue putting on your brightly glowing cloak. x5
You finish putting on the +2 cloak of the Invisible Hand {rElec}.
Unknown command.
As you read the scroll labeled ESEG SOCLIAMUN, it crumbles to dust.
Your brain hurts!
It was a scroll of random uselessness.
Okay, then.
There is an entrance to Zeevos's Armour Emporium here.
Things that are here:
a robe of cold resistance; 4 scrolls of enchant weapon Drop what? 50/52 slots (_ for help) (? for menu, Esc to quit)
You drop 2 scrolls of enchant armour.
You drop a scroll of amnesia.
Drop what? 48/52 slots (_ for help) (? for menu, Esc to quit)
You drop a book of the Sky.
Put on which piece of jewellery? (? for menu, Esc to quit)
Okay, then.
Wear which item? (? for menu, Esc to quit)
Okay, then.
Are you sure you want to abandon this character and quit the game? (Confirm with "yes".)

.....##### ###P......... ,
.....#.P.###.............
,,
##.......P##............. ,
..........#P.............
...............<......... ,
,
.........................,,
,
...............∩<........,
,, ,
.P.............∩.........
................@........
..##.#...#............... ,
,
...##.....#.#............,,
,
...###....#..........#...,,
,, <..#
##....P........##### ,,
..####P.............# **
#####............###.#
#P#P.............. ##
...............##


There were no monsters in sight!

Vanquished Creatures
  Gastronok (D:9)
  A minotaur (Lab)
  Erolcha (D:9)
  5 hydras
  Fannar (D:10)
  4 two-headed ogres
  3 skeletal warriors
  5 elephants (Lair:4)
  A deep elf mage (D:12)
  2 cyclopes (D:11)
  An ugly thing (D:12)
  Maurice (D:10)
  A gargoyle (D:11)
  4 spiny frogs
  2 rime drakes
  2 komodo dragons
  2 trolls
  4 polar bears
  Prince Ribbit (D:6)
  2 tyrant leeches (Lair:4)
  2 slime creatures (D:12)
  5 dream sheep (Lair:5)
  4 blink frogs (Lair:4)
  6 hippogriffs
  2 wyverns
  A wraith (D:11)
  27 yaks
  Eustachio (D:6)
  2 basilisks
  4 hungry ghosts
  2 wargs
  9 water moccasins
  An acid dragon (D:12)
  A floating eye (D:9)
  A porcupine (Lair:1)
  4 ice beasts
  7 sky beasts
  14 orc warriors
  A black bear (D:7)
  2 necrophages
  2 phantoms
  4 ogres
  A boggart (Lair:6)
  6 centaurs
  10 wolves
  9 crocodiles
  4 big kobolds
  12 bullfrogs
  A water moccasin zombie (D:12)
  Dowan (D:4)
  11 killer bees
  3 scorpions
  6 wights
  5 howler monkeys
  9 crimson imps
  A centaur zombie (D:9)
  2 bullfrog zombies
  4 hounds
  20 orc priests
  6 jellies
  4 bullfrog skeletons
  An iron imp (D:6)
  13 orc wizards
  Jessica (D:3)
  4 centaur skeletons
  2 iguanas
  7 worker ants
  A hound zombie (D:9)
  4 gnolls (D:6)
  15 adders
  2 oozes
  An adder zombie (D:7)
  A worm (D:2)
  4 leopard geckos
  82 orcs
  6 bats
  5 giant cockroaches
  7 goblins
  3 hobgoblins
  12 jackals
  5 quokkas
  7 frilled lizards
  A hobgoblin zombie (D:6)
  A jackal skeleton (D:5)
  33 kobolds
  A kobold skeleton (D:6)
  2 kobold zombies (D:6)
  2 leopard gecko zombies
  An orc skeleton (D:6)
  3 orc zombies (D:6)
  17 rats
  A fungus (Lair:5)
  A plant (Lair:4)
507 creatures vanquished.

Vanquished Creatures (collateral kills)
  An iguana (D:9)
1 creature vanquished.

Vanquished Creatures (others)
  A killer bee (D:11)
  A fungus (Lair:5)
  A plant (Lair:5)
3 creatures vanquished.

Grand Total: 511 creatures vanquished

Notes
Turn   | Place    | Note
-------+----------+-------------------------------------------
     0 | D:1      | letownia2 the Deep Dwarf Necromancer began the quest for the Orb.
     0 | D:1      | Reached XP level 1. HP: 15/15 MP: 3/3
   247 | D:3      | Noticed an ice beast
   401 | D:4      | Found a shadowy altar of Dithmenos.
   434 | D:4      | Found a glowing drain.
   496 | D:4      | Reached XP level 2. HP: 22/22 MP: 1/5
   632 | D:4      | Reached skill level 1 in Axes
   709 | D:4      | Noticed a phantom
   727 | Sewer    | Entered a sewer
   734 | Sewer    | Reached XP level 3. HP: 28/28 MP: 3/6
   737 | Sewer    | Reached skill level 5 in Necromancy
   742 | Sewer    | Learned a level 3 spell: Vampiric Draining
   845 | Sewer    | Noticed a crocodile
   851 | Sewer    | Killed a crocodile
   851 | Sewer    | Reached skill level 1 in Fighting
   851 | Sewer    | Reached XP level 4. HP: 35/38 MP: 2/7
   968 | D:4      | Noticed Robin
  1099 | D:4      | Noticed Duvessa
  1120 | D:4      | Noticed Dowan
  1308 | D:4      | Reached XP level 5. HP: 40/44 MP: 8/8
  1315 | D:4      | Noticed letownia2's ghost (amateur DDNe)
  1359 | D:5      | Entered Level 5 of the Dungeon
  1369 | D:5      | Noticed a water moccasin
  1479 | D:5      | Noticed a sky beast
  1490 | D:5      | Killed a sky beast
  1490 | D:5      | Reached skill level 6 in Necromancy
  1490 | D:5      | Reached XP level 6. HP: 14/51 MP: 0/9
  1612 | D:5      | Found Wiam Teo's Gadget Boutique.
  1648 | D:5      | Killed a water moccasin
  1910 | D:5      | Found an iron altar of Okawaru.
  2162 | D:4      | Reached skill level 7 in Necromancy
  2162 | D:4      | Reached XP level 7. HP: 23/57 MP: 9/11
  2176 | D:5      | Found a staircase to the Ecumenical Temple.
  2193 | D:5      | Found a stormy altar of Qazlal.
  2227 | Temple   | Entered the Ecumenical Temple
  2259 | Temple   | Became a worshipper of Gozag Ym Sagoz the Greedy
  3184 | D:3      | Reached skill level 1 in Armour
  3214 | D:3      | Learned a level 3 spell: Mephitic Cloud
  3218 | D:3      | Learned a level 3 spell: Conjure Flame
  3221 | D:3      | Learned a level 2 spell: Blink
  3737 | D:3      | Noticed Jessica
  3738 | D:3      | Killed Jessica
  3738 | D:3      | Reached skill level 1 in Translocations
  3833 | D:2      | Found a snail-covered altar of Cheibriados.
  4001 | D:2      | Reached skill level 1 in Conjurations
  4001 | D:2      | Reached skill level 1 in Poison Magic
  4002 | D:2      | Reached skill level 1 in Fire Magic
  4879 | D:2      | Reached XP level 8. HP: 45/66 MP: 9/13
  4952 | D:4      | Killed Dowan
  4952 | D:4      | Reached skill level 1 in Air Magic
  5106 | D:6      | Found Jozonk's Antique Weapon Emporium.
  5288 | D:6      | Noticed Eustachio
  5298 | D:6      | Killed Eustachio
  5304 | D:6      | Noticed Prince Ribbit
  5317 | D:6      | Killed Prince Ribbit
  5508 | D:6      | Found a shattered altar of Ashenzari.
  5584 | D:6      | Found a basalt altar of Yredelemnul.
  5706 | D:6      | Found a glowing golden altar of the Shining One.
  5837 | D:6      | Found a blossoming altar of Fedhas.
  5894 | D:7      | Gained mutation: You passively map the area around you. [Deep Dwarf growth]
  5894 | D:7      | Reached XP level 9. HP: 62/73 MP: 15/15
  5996 | D:7      | Reached skill level 5 in Spellcasting
  6044 | D:7      | Found a burning altar of Makhleb.
  6190 | D:7      | Got an ichor-stained scale mail
  6201 | D:7      | Identified the +1 scale mail of Parts Unknown {Int+2} (You found it on level 7 of the Dungeon)
  6362 | D:7      | Noticed a two-headed ogre
  6377 | D:7      | Killed a two-headed ogre
  6564 | D:7      | Found a shadowy altar of Dithmenos.
  6756 | D:8      | Reached skill level 1 in Evocations
  6766 | D:8      | Reached XP level 10. HP: 57/80 MP: 17/20
  6948 | D:8      | Noticed a two-headed ogre
  6962 | D:8      | Killed a two-headed ogre
  6988 | D:8      | Found a shimmering altar of Xom.
  6995 | D:8      | Found a sacrificial altar of Ru.
  7052 | D:8      | Found a radiant altar of Vehumet.
  7058 | D:8      | Reached skill level 5 in Evocations
  7482 | D:9      | Found a roughly hewn altar of Beogh.
  7485 | D:9      | Noticed Erolcha
  7646 | D:9      | Reached skill level 8 in Necromancy
  7659 | D:9      | Killed Erolcha
  7744 | D:9      | Reached skill level 9 in Necromancy
  8140 | D:9      | Noticed Gastronok
  8222 | D:9      | Killed Gastronok
  8222 | D:9      | Reached skill level 10 in Necromancy
  8222 | D:9      | Reached XP level 11. HP: 29/86 MP: 5/23
  8302 | D:9      | Found a staircase to the Lair.
  8499 | D:9      | Reached skill level 11 in Necromancy
  8886 | D:9      | Found a staircase to the Orcish Mines.
  9097 | Orc:1    | Entered Level 1 of the Orcish Mines
  9238 | Orc:1    | Noticed sinon's ghost (journeyman GrEE)
  9321 | Lair:1   | Entered Level 1 of the Lair of Beasts
  9323 | Lair:1   | Noticed an eight-headed hydra
  9386 | D:10     | Entered Level 10 of the Dungeon
  9447 | D:10     | Reached skill level 5 in Axes
  9448 | D:10     | Reached skill level 12 in Necromancy
  9570 | D:10     | Noticed Maurice
  9587 | D:10     | Killed Maurice
  9804 | D:10     | Noticed Fannar
  9825 | D:10     | Killed Fannar
 10325 | D:11     | Got a distressingly furry scale mail
 10336 | D:11     | Identified the +4 scale mail "Jaydd" {rElec Str+2 Int+4} (You found it on level 11 of the Dungeon)
 10408 | D:11     | Found Ufuylaar's Antique Weapon Shoppe.
 10707 | D:11     | Reached skill level 13 in Necromancy
 10784 | D:11     | Reached XP level 12. HP: 96/98 MP: 16/24
 11274 | D:11     | Noticed a four-headed hydra
 11279 | D:11     | Killed a four-headed hydra
 11600 | D:12     | Noticed a two-headed ogre
 11773 | D:12     | Killed a two-headed ogre
 11773 | D:12     | Reached skill level 14 in Necromancy
 12114 | D:12     | Learned a level 2 spell: Shroud of Golubria
 12120 | D:12     | Learned a level 4 spell: Passage of Golubria
 12181 | D:12     | Noticed a two-headed ogre
 12284 | D:12     | Killed a two-headed ogre
 12667 | D:12     | Reached skill level 5 in Armour
 13009 | Orc:1    | HP: 3/97 [sinon's ghost/iron shot (18)]
 13282 | Lair:1   | Killed a five-headed hydra
 13559 | Lair:1   | Reached XP level 13. HP: 47/103 MP: 21/25
 13858 | Lair:2   | Found a shimmering altar of Xom.
 14153 | Lair:4   | Found a labyrinth entrance.
 14173 | Lab      | Entered a labyrinth
 14262 | Lab      | Noticed a minotaur
 14276 | Lab      | Killed a minotaur
 14290 | Lab      | Got a polished arbalest
 14327 | Lab      | Got a bloodstained rapier
 14327 | Lab      | Got a brightly glowing whip
 14327 | Lab      | Got a crystal long sword
 14329 | Lab      | Identified the +7 long sword of Sin {flame, rPois} (You found it in a labyrinth)
 14330 | Lab      | Identified the +11 arbalest "Kafaligym" {freeze, rF+ Str-2 Int+4} (You took it off a minotaur in a labyrinth)
 14377 | Lab      | Identified the +7 rapier "Plog" {pierce, rPois} (You found it in a labyrinth)
 14379 | Lab      | Identified the +9 whip of Inquiry {freeze, rC+} (You found it in a labyrinth)
 14396 | Lair:4   | Learned a level 5 spell: Silence
 14403 | Lair:4   | Learned a level 6 spell: Deflect Missiles
 14478 | Lair:4   | Reached skill level 10 in Axes
 14808 | Lair:4   | Found a staircase to the Swamp.
 15371 | Lair:5   | Reached skill level 5 in Dodging
 15433 | Lair:6   | Entered Level 6 of the Lair of Beasts
 15730 | Lair:2   | Identified a scroll of acquirement
 15731 | Lair:2   | Got a brightly glowing cloak
 15742 | Lair:2   | Identified the +2 cloak of the Invisible Hand {rElec} (You acquired it on level 2 of the Lair of Beasts)
 15750 | Lair:2   | Quit the game

Skill      XL: |  1  2  3  4  5  6  7  8  9 10 11 12 13 |
---------------+----------------------------------------+-----
Spellcasting   | 2 3 4 7 8 |  8.6
Axes           | 1 2 3 4 6 9 11 | 11.6
Necromancy     | 5 6 7 10 13 14 | 14.7
Fighting       | 1 3 4 |  4.3
Armour         | 1 4 6 7 |  7.6
Translocations | 1 2 |  2.8
Conjurations   | 1 3 |  3.2
Poison Magic   | 1 2 |  2.0
Fire Magic     | 1 2 3 |  3.0
Air Magic      | 2 3 |  3.1
Evocations     | 2 5 |  5.1
Dodging        | 6 |  6.2
Stealth        | |  2.4

Action                   |  1- 3 |  4- 6 |  7- 9 | 10-12 | 13-15 || total
-------------------------+-------+-------+-------+-------+-------++-------
Melee: Hand axe          |    10 |    50 |   290 |   490 |   183 ||  1023
       Halberd           |       |       |     4 |     5 |       ||     9
       Battleaxe         |       |       |       |    19 |    15 ||    34
       Whip              |       |       |       |       |     2 ||     2
 Fire: Blowgun           |       |       |       |    37 |       ||    37
 Cast: Pain              |    31 |     6 |    54 |     7 |     5 ||   103
       Vampiric Draining |       |    11 |    56 |   259 |   104 ||   430
       Mephitic Cloud    |       |       |     3 |    20 |     2 ||    25
       Conjure Flame     |       |       |     1 |    24 |     6 ||    31
       Blink             |       |       |       |     6 |     3 ||     9
Invok: Call Merchant     |       |       |       |     3 |     2 ||     5
Evoke: Wand              |       |       |       |    15 |       ||    15
  Use: Scroll            |       |     1 |     4 |     8 |    11 ||    24
 Stab: Sleeping          |       |       |     5 |       |       ||     5
       Confused          |       |       |     1 |    15 |     1 ||    17
       Paralysed         |       |       |       |     5 |       ||     5
       Distracted        |       |       |       |     5 |     1 ||     6
  Eat: Chunk             |       |     4 |     2 |       |       ||     6
       Meat ration       |       |       |     2 |       |       ||     2
       Royal jelly       |       |       |     4 |     1 |     1 ||     6
       Bread ration      |       |       |     1 |     6 |     1 ||     8
       Fruit             |       |       |     4 |       |     2 ||     6
Armor: Ring mail         |     6 |    34 |    93 |       |       ||   133
       Scale mail        |       |       |    42 |   312 |   155 ||   509
       Skin              |       |       |       |       |     3 ||     3
Dodge: Dodged            |    12 |    44 |   217 |   305 |   147 ||   725
